 Seeded DCSS version 0.27.1-2-g3b301248ec (webtiles) character file.

Game seed: 6258058316398713103 (custom seed)

6773 a11behringer the Fencer (level 10, -9/78 HPs)
             Began as a Minotaur Fighter on Sept 23, 2021.
             Was a High Priest of Okawaru.
             Splashed by Maurice's acid (11 damage)
             ... on level 10 of the Dungeon.
             The game lasted 00:44:42 (8021 turns).

a11behringer the Fencer (Minotaur Fighter)          Turns: 8021, Time: 00:44:45

Health: -9/78      AC: 19    Str: 21    XL:     10   Next: 76%
Magic:  9/9        EV:  6    Int:  8    God:    Okawaru [*****.]
Gold:   609        SH:  0    Dex: 17    Spells: 9/9 levels left

rFire    . . .     SeeInvis +   I - +3 great sword of Compulsion {holy, SInv}
rCold    . . .     Faith    .   (shield currently unavailable)
rNeg     + . .     Spirit   .   M - +0 plate armour
rPois    .         Reflect  .   o - +2 hat
rElec    +         Harm     .   (no cloak)
rCorr    .         Rampage  .   r - +1 pair of gloves
Will     +....                  (no boots)
Stlth    ..........             u - amulet of the acrobat
HPRegen  0.23/turn              y - +4 ring of protection
MPRegen  0.11/turn              N - ring of Laen Diu {rElec rN+ Will+ Int+3 Dex+4}

@: lethally poisoned (-9 -> -14)
A: horns 2, retaliatory headbutt
a: Renounce Religion, Heroism, Finesse


You were on level 10 of the Dungeon.
You worshipped Okawaru.
Okawaru was extremely pleased with you.
You visited 1 branch of the dungeon, and saw 10 of its levels.

You collected 609 gold pieces.

Inventory:

Hand Weapons
 a - a +1 long sword
 l - a +1 vampiric short sword
 z - a +0 hand crossbow
 I - the +3 great sword of Compulsion (weapon) {holy, SInv}
   (You acquired it on level 8 of the Dungeon)

   It has been blessed by the Shining One to cause great damage to the undead
   and demons.
   SInv:      It lets you see invisible.
 J - a +4 falchion
Missiles
 e - 113 bolts
 Q - a throwing net
Armour
 b - a +0 scale mail
 c - a +0 kite shield
 n - a +0 chain mail
 o - a +2 hat (worn)
 p - a +0 tower shield
 r - a +1 pair of gloves (worn)
 t - +0 steam dragon scales
 G - the +2 chain mail of Kapnozaff {rF+ Will- Slay+2}
   (You found it on level 8 of the Dungeon)

   Slay:      It affects your accuracy & damage with ranged weapons and melee
   (+2).
   rF:        It protects you from fire.
   Will:      It decreases your willpower.
 L - a +2 buckler
 M - a +0 plate armour (worn)
 R - a +1 hat of stealth
Jewellery
 f - a ring of resist corrosion
 m - a ring of see invisible
 u - an amulet of the acrobat (around neck)
 y - a +4 ring of protection (left hand)
 A - a +6 ring of intelligence
 N - the ring of Laen Diu (right hand) {rElec rN+ Will+ Int+3 Dex+4}
   (You acquired it on level 9 of the Dungeon)

   [ring of willpower]

   Int:       It affects your intelligence (+3).
   Dex:       It affects your dexterity (+4).
   rElec:     It insulates you from electricity.
   rN:        It protects you from negative energy.
   Will:      It increases your willpower.
Wands
 i - a wand of flame (44) (quivered)
 B - a wand of mindburst (13)
 F - a wand of charming (3)
Scrolls
 h - 2 scrolls of vulnerability {unknown}
 k - a scroll of acquirement
 x - 3 scrolls of amnesia
 D - a scroll of teleportation
 E - a scroll of magic mapping
 H - a scroll of enchant armour
 K - 3 scrolls of enchant weapon
 P - a scroll of blinking {unknown}
Potions
 d - 2 potions of might
 g - 2 potions of brilliance
 j - 2 potions of haste
 q - 2 potions of heal wounds
 s - 2 potions of curing
 v - a potion of attraction {unknown}
 w - 2 potions of degeneration {unknown}
 C - a potion of invisibility {unknown}
 O - a potion of mutation {unknown}


   Skills:
 - Level 3.7 Fighting
 * Level 18.0 Long Blades
 - Level 3.8 Armour
 - Level 3.7 Shields
 + Level 0.8 Invocations


You had 9 spell levels left.
You didn't know any spells.
Your spell library contained the following spells:

 Spells                   Type           Power      Damage    Failure   Level
 Foxfire                  Conj/Fire      0%         2x1d4     100%        1
 Magic Dart               Conj           0%         1d3       100%        1
 Pain                     Necr           0%         1d4       100%        1
 Call Imp                 Summ           0%         N/A       100%        2
 Conjure Flame            Conj/Fire      0%         6-21      100%        3
 Gell's Gravitas          Tloc           0%         N/A       100%        3
 Inner Flame              Hex/Fire       0%         N/A       100%        3
 Lesser Beckoning         Tloc           0%         N/A       100%        3
 Mephitic Cloud           Conj/Pois/Air  0%         N/A       100%        3
 Teleport Other           Tloc           0%         N/A       100%        3
 Olgreb's Toxic Radiance  Pois           0%         N/A       100%        4
 Agony                    Necr           0%         N/A       100%        5
 Excruciating Wounds      Necr           0%         N/A       100%        5
 Dispersal                Tloc           0%         N/A       100%        6
 Ozocubu's Refrigeration  Ice            0%         4d5       100%        7
 Disjunction              Tloc           0%         N/A       100%        8
 Ignition                 Fire           0%         3d3       100%        8


Dungeon Overview and Level Annotations

Branches:
Dungeon (10/15)            Temple (0/1) D:7            Lair (0/6) D:8
    Orc: D:9-12

Altars:
Cheibriados
Dithmenos
Fedhas
Okawaru
Zin

Annotations:
D:10 Maurice


Innate Abilities, Weirdness & Mutations

You have a pair of horns on your head.
You reflexively headbutt those who attack you in melee.


Message History

You slice the orc warrior!!
You kill the orc warrior!
Okawaru accepts your kill.
You slash the orc priest!
You kill the orc priest!
Okawaru accepts your kill.
Maurice says, "Betcha didn't see that coming, eh?"
Maurice gestures wildly while chanting.
Maurice flickers and vanishes for a moment.
The orc completely misses you. You furiously retaliate!
You headbutt the orc.
You riposte.
You closely miss the orc.
The orc is moderately wounded.
Maurice closely misses you.
Items here: ))) [[.
You barely miss the orc.
The orc is moderately wounded.
The orc hits you but does no damage.
Maurice gestures wildly while chanting.
Maurice blinks!
You slash the orc!
You kill the orc!
Okawaru accepts your kill. Maurice hits you but does no damage.
You are poisoned.
Items here: ( ))) †.
You feel very sick. Maurice closely misses you.
Items here: ))) [[.
You hit Maurice but do no damage.
You feel sick.
Maurice zaps a wand.
The bolt of acid hits you!
* * * LOW HITPOINT WARNING * * *
You are splashed with acid!
* * * LOW HITPOINT WARNING * * *
You slash Maurice! Your headbutt misses Maurice.
Maurice is lightly wounded.
* * * LOW HITPOINT WARNING * * *
You feel sick.
Maurice zaps a wand.
The bolt of acid hits you.
* * * LOW HITPOINT WARNING * * *
You are splashed with acid!
You die...

#..TP #[..P##
.#####.####..###########
...........).........
......[#####.######## #
....... #.# #.# .......
#.# #.. ....... #.# #.#
.......#####.# #
......))@@...#
.#####.#####.# #. #.# #.
#)# #. #[# #. #.# #. #.#
#. #.# ...............


You could see Maurice (invisible).

Vanquished Creatures
  Harold (D:9)
  2 two-headed ogres (D:9)
  4 trolls (D:10)
  Grum (D:9)
  A wyvern (D:8)
  4 steam dragons
  An acid dragon (D:10)
  4 water moccasins
  4 sky beasts
  A necrophage (D:5)
  2 orc warriors
  2 wolves (D:9)
  An ogre (D:4)
  A phantom (D:6)
  2 kobold brigands
  A bullfrog (D:6)
  A gnoll sergeant (D:10)
  A scorpion (D:7)
  A wyvern zombie (D:9)
  A wyvern skeleton (D:7)
  A howler monkey (D:8)
  12 wights
  4 orc priests
  A bullfrog zombie (D:6)
  A jelly (D:7)
  4 hounds
  3 iguanas
  2 orc wizards
  A hound zombie (D:5)
  A hound skeleton (D:5)
  A howler monkey skeleton (D:6)
  2 howler monkey zombies
  8 gnolls
  7 adders
  2 shadow imps
  2 ufetubi (D:5)
  5 worms
  A dart slug (D:4)
  23 orcs
  2 ball pythons
  7 endoplasms
  A giant cockroach (D:2)
  3 goblins
  4 hobgoblins
  2 jackals (D:5)
  3 quokkas
  2 bats
  4 frilled lizards
  18 kobolds
  8 rats
171 creatures vanquished.

Vanquished Creatures (others)
  4 plants (D:10)
4 creatures vanquished.

Grand Total: 175 creatures vanquished

Notes
Turn   | Place    | Note
-------+----------+-------------------------------------------
     0 | D:1      | a11behringer the Minotaur Fighter began the quest for the
                  | Orb.
     0 | D:1      | Reached XP level 1. HP: 19/19 MP: 0/0
   185 | D:1      | You fall into a shaft and drop 1 floor!
   259 | D:1      | Reached skill level 3 in Long Blades
   259 | D:1      | Reached XP level 2. HP: 23/27 MP: 1/1
   311 | D:1      | Found a faded altar of an unknown god.
  1043 | D:2      | Reached skill level 4 in Long Blades
  1043 | D:2      | Reached XP level 3. HP: 23/33 MP: 2/2
  1287 | D:2      | Found a blossoming altar of Fedhas.
  1740 | D:3      | Reached skill level 5 in Long Blades
  1740 | D:3      | Reached XP level 4. HP: 40/40 MP: 3/3
  1926 | D:4      | Noticed an ogre
  2291 | D:4      | Found an iron altar of Okawaru.
  2297 | D:4      | Reached skill level 6 in Long Blades
  2297 | D:4      | Reached XP level 5. HP: 40/46 MP: 4/4
  2306 | D:4      | Became a worshipper of Warmaster Okawaru
  2350 | D:4      | Killed an ogre
  2351 | D:4      | Reached skill level 7 in Long Blades
  2536 | D:4      | Reached XP level 6. HP: 31/52 MP: 5/5
  2909 | D:5      | Entered Level 5 of the Dungeon
  2915 | D:5      | Noticed a water moccasin
  2927 | D:5      | Killed a water moccasin
  2928 | D:5      | Reached skill level 8 in Long Blades
  3145 | D:5      | Reached * piety under Okawaru
  3146 | D:5      | Reached skill level 9 in Long Blades
  3146 | D:5      | Reached XP level 7. HP: 48/58 MP: 6/6
  3667 | D:6      | Reached skill level 10 in Long Blades
  3780 | D:6      | Reached ** piety under Okawaru
  3839 | D:6      | Reached skill level 11 in Long Blades
  3973 | D:6      | Reached XP level 8. HP: 64/66 MP: 7/7
  4544 | D:7      | Reached skill level 12 in Long Blades
  4643 | D:7      | Found a shadowy altar of Dithmenos.
  4677 | D:7      | Found a staircase to the Ecumenical Temple.
  4738 | D:7      | Found a glowing silver altar of Zin.
  5690 | D:8      | Reached skill level 13 in Long Blades
  5838 | D:8      | Identified the +2 chain mail of Kapnozaff {rF+ Will-
                  | Slay+2}
  5892 | D:8      | Identified 3 scrolls of acquirement
  5892 | D:8      | Acquired the +3 great sword of Compulsion {holy, SInv}
  5999 | D:8      | Reached *** piety under Okawaru
  6004 | D:8      | Reached XP level 9. HP: 71/71 MP: 8/8
  6023 | D:8      | Reached skill level 14 in Long Blades
  6624 | D:8      | Found a staircase to the Lair.
  6683 | D:9      | Acquired the ring of Laen Diu {rElec rN+ Will+ Int+3 Dex+4}
  6704 | D:9      | Noticed a two-headed ogre
  6711 | D:9      | Killed a two-headed ogre
  6711 | D:9      | Reached **** piety under Okawaru
  6712 | D:9      | Reached skill level 15 in Long Blades
  6858 | D:9      | Noticed Grum
  6866 | D:9      | Killed Grum
  6989 | D:9      | Found a snail-covered altar of Cheibriados.
  7060 | D:9      | Reached skill level 16 in Long Blades
  7098 | D:9      | Reached XP level 10. HP: 54/78 MP: 9/9
  7099 | D:9      | Reached ***** piety under Okawaru
  7303 | D:9      | Noticed Harold
  7303 | D:9      | Noticed a two-headed ogre
  7308 | D:9      | Killed a two-headed ogre
  7313 | D:9      | Killed Harold
  7313 | D:9      | Received a gift from Okawaru
  7314 | D:9      | Reached skill level 17 in Long Blades
  7593 | D:10     | Entered Level 10 of the Dungeon
  7606 | D:10     | Found the +2 robe of Vines {NoPotionHeal Regen+++}
  7625 | D:10     | Noticed a four-headed hydra
  8005 | D:10     | Reached skill level 18 in Long Blades
  8005 | D:10     | Noticed Maurice
  8021 | D:10     | HP: 2/78 [Maurice/bolt of acid (4)]
  8021 | D:10     | Splashed by Maurice's acid

Illustrated notes

Levels and vault maps discovered:
D:1:      sevenhm_arrival_forest_fort_large_2, layout_rooms,
          ebering_ecumenical_altar_sacrificial
D:2:      layout_rooms, basic_altar, minmay_misc_feat_encased,
          grunt_ministairs_2
D:3:      layout_rooms
D:4:      layout_rooms, okawaru_trees_1
D:5:      layout_cave_pools, kennysheep_another_room, st_stairs_7
D:6:      layout_loops_ring
D:7:      layout_layer_cave, mainiacjoe_overflow_tiny_flanked, zin_academy,
          minmay_temple_entry_glassed_door
D:8:      layout_loops_ring, lair_entry_dummy, hangedman_misty_isle
D:9:      layout_cave_pools, cheibriados_altar_1, uniq_harold, uniq_grum
D:10:     layout_small_grid, hellmonk_guarded_unrand_vines, uniq_maurice

Skill      XL: |  1  2  3  4  5  6  7  8  9 10 |
---------------+-------------------------------+-----
Long Blades    | 3 4 5 6 7 9 11 13 16 18 | 18.0
Fighting       | |  3.7
Armour         | |  3.8
Shields        | |  3.7
Invocations    | |  0.8

Action                   |  1- 3 |  4- 6 |  7- 9 | 10-12 || total
-------------------------+-------+-------+-------+-------++-------
Melee: Long sword        |    93 |    99 |   155 |       ||   347
       Headbutt          |    12 |    20 |    55 |    17 ||   104
       Great sword       |       |       |    58 |    78 ||   136
Invok: Heroism           |       |       |       |     2 ||     2
  Use: Scroll            |     6 |     1 |     7 |     1 ||    15
       Potion            |       |       |     1 |     2 ||     3
Armor: Scale mail        |    48 |    12 |       |       ||    60
       Chain mail        |       |    71 |    97 |       ||   168
       Plate armour      |       |       |    14 |    70 ||    84
Dodge: Dodged            |    41 |    39 |    77 |    41 ||   198
Block: Kite shield       |    63 |    49 |    71 |       ||   183
       Rpst.: Long sword |    10 |    12 |     8 |       ||    30
       Great sword       |       |       |    12 |     7 ||    19
